Introsp3ctive, lawful male human Samurai ------- ------- --- ------------ ---- -------- ##-.^...| |...... |.+ |..| .-.... |..| |..-...| # |>.....# |.....| |.| |..| |....| |..| |..|....#### -------# |...... |.----|-----....----|--+-----...| # |.....| |.....................(.........)###### # |.<...| |.-|-----+--......%--|----|--...| # # -----.- |.|.. |......{|....|...|...| ### # # |.|..| |.......|....|%%%|...| # # # |.---- -----.......|..%.|%.(|...| #%######### # ....[.........{....|....|%%%|...| # # ---|---- -.--- |.-------+-------.----------|...| #### |......| |...| #|.|.?%?| |(((.|.| |(((.-...| ###-......| |...-########-.-.?%*| |(((%%.+ |(((.|...| ###|......| |...| #|.| *?)| |(((.|.| |(((.|...| #.......| ----- |.---------------.-----------u..| |......| |.................M.i.h....@@...| -------- --------------------------------- Introsp3ctive the Ninja Experience level: 7 Strength: 16 Dexterity: 16 Constitution: 18 Intelligence: 9 Wisdom: 7 Charisma: 9 Health: 0(69) Energy: 28(28) Def: 8 Gold: 506 Moves: 4100 Dungeon seed: 7pU2Vong9p1uBtDz Game ID: Introsp3ctive_1468816462 Your Inventory: Coins $ - 506 gold pieces Weapons a - a blessed +0 katana (weapon in hand) b - an uncursed +0 wakizashi c - an uncursed +0 yumi (alternate weapon; not wielded) Armor e - an uncursed rustproof +0 splint mail (being worn) n - a blessed +1 orcish helm (being worn) q - an uncursed +0 dwarvish cloak r - an uncursed +0 pair of iron shoes Comestibles D - an uncursed lichen corpse Scrolls m - an uncursed scroll of fire o - an uncursed scroll of light v - an uncursed scroll of enchant armor w - a blessed scroll of teleportation X - an uncursed scroll of destroy armor Potions h - an uncursed potion of healing j - an uncursed potion of extra healing W - a potion of holy water Z - an uncursed potion of fruit juice Wands g - an uncursed wand of striking (0:4) u - an uncursed wand of fire (0:4) V - an uncursed wand of light (0:11) Tools f - an uncursed blindfold i - 8 uncursed wax candles (0:400) R - an uncursed osaku Y - an uncursed tallow candle (0:200) Spells and supernatural/magical abilities: Name Level Category Fail Memory W - pray for help -- divine ? -- Your skills at the end: Fighting Skills martial arts [Basic] Weapon Skills short sword [Basic] long sword [Skilled] bow [Basic] Spellcasting Skills Final Attributes: You were piously aligned. You were fast. You were lucky. You are dead. Vanquished creatures: an elf mummy an iron piercer a housecat 4 water moccasins a rope golem 4 Woodland-elves a soldier ant a yellow light 5 gnome lords a gnomish wizard a red naga hatchling a guardian naga hatchling a gray ooze 5 elf zombies 2 giant ants 3 little dogs a dwarf a homunculus a kobold lord a kobold shaman 4 hill orcs a monkey 6 dwarf zombies an acid blob 2 giant rats 2 cave spiders a red mold 17 gnomes 2 geckos 8 jackals 4 kobolds 3 goblins 2 sewer rats 6 grid bugs a bat a lichen a kobold zombie 3 newts 102 creatures vanquished. Voluntary challenges: You used a wielded weapon 128 times, starting on turn 32. You read items or engraved 2 times, starting on turn 1108. You never genocided any monsters. You never polymorphed an object. You never changed form. You used no wishes. You never split a pudding. You wrote Elbereth's name 2 times, starting on turn 1108. You violated your moral code, losing 30 points of alignment, starting on turn 2222. Dungeon overview: The Dungeons of Doom: levels 1 to 7 Level 1 some fountains a long staircase Level 2 a fountain, a sink Level 3 a fountain stairs to The Gnomish Mines Level 4 a sink Level 5 Level 6 Level 7 (Stash bag here) The Gnomish Mines: levels 4 to 7 Level 4 stairs to The Dungeons of Doom Level 5 Level 6 <- You were here many shops, a temple to Amaterasu Omikami, some fountains Level 7 History has recorded: On T:1 you entered the Dungeons of Doom to retrieve the Amulet of Yendor! On T:222 you reached level 2 of The Dungeons of Doom. On T:367 you advanced to experience level 2. On T:440 you reached level 3 of The Dungeons of Doom. On T:575 you reached level 1 of The Gnomish Mines. On T:682 you reached level 4 of The Dungeons of Doom. On T:740 you advanced to experience level 3. On T:945 you reached level 5 of The Dungeons of Doom. On T:1140 you reached level 6 of The Dungeons of Doom. On T:1193 you reached level 7 of The Dungeons of Doom. On T:1439 you advanced to experience level 4. On T:1692 you advanced to experience level 5. On T:2222 you advanced to experience level 6. On T:2985 you reached level 2 of The Gnomish Mines. On T:3232 you reached level 3 of The Gnomish Mines. On T:3262 you advanced to experience level 7. On T:3804 you reached level 4 of The Gnomish Mines. Score breakdown: Gold: 506 ( 9201 points) Experience: 7 levels (13645 points) Exploration: 7 levels ( 14.00%) (10497 points) Discoveries: 2 items ( 0.81%) ( 2705 points) Valuables value: (no points given unless you survive) Artifact value: 0 ( 0 points) Variety of kills: 38 monsters ( 9.97%) ( 9474 points) Turncount: 4100 turns (-1061 points) Survival: died (score multiplied by 80%) Total score: 35568 Latest messages: You drop a cursed scroll labeled ANDOVA BEGARIN. You drop a cursed scroll labeled ELBIB YLOH. You drop 3 cursed scrolls labeled KIRJE. You drop a cursed scroll labeled NR 9. You drop a cursed scroll labeled PRATYAVAYAH. You drop a cursed scroll labeled VELOX NEB. You drop a cursed scroll labeled FOOBIE BLETCH. You drop a cursed murky potion. You drop a cursed yellow potion. You drop a cursed copper wand. (2x) Your movements are now unencumbered. The gray unicorn butts! The gray unicorn kicks! The gray unicorn butts! The gray unicorn kicks! The bolt of fire hits the gray unicorn! The bolt of fire bounces! The gray unicorn butts! The gray unicorn kicks! You die... Final status: Sayonara Introsp3ctive the Samurai, killed by a gray unicorn... You died in The Gnomish Mines on dungeon level 6 with 35568 points, and 506 pieces of gold, after 4100 moves. You were level 7 with a maximum of 69 hit points when you died.